TOP OF THE 1ST |
Alabama Crimson Tide batting - Pitching for Clemson Tigers : RHP Gary Wilder
|
Pitching: RHP Gary Wilder
|
|
Batting: LHB Tom York
|
0-0: Called Strike 0-1: Ball 1-1: Ground out 4-3 (Groundball, 4)
|
Batting: RHB Chris Bass
|
0-0: Called Strike 0-1: Foul Ball, location: 2F 0-2: Ball 1-2: Foul Ball, location: 2F 1-2: Foul Ball, location: 2F 1-2: Ball 2-2: Strikes out swinging
|
Batting: RHB Shannon Watson
|
0-0: Ball 1-0: Ball 2-0: Ball 3-0: Called Strike 3-1: Ground out 3-1 (Groundball, 34)
|
Top of the 1st over - 0 runs, 0 hits, 0 errors, 0 left on base; Alabama 0 - Clemson 0 |
BOTTOM OF THE 1ST |
Clemson Tigers batting - Pitching for Alabama Crimson Tide : RHP Dave Roberson
|
Pitching: RHP Dave Roberson
|
|
Batting: LHB Dan Dukes
|
0-0: Called Strike 0-1: Ball 1-1: Ball 2-1: Called Strike 2-2: Ball 3-2: Base on Balls
|
Batting: RHB Ricardo Medellín
|
0-0: Ball 1-0: 2-RUN HOME RUN (Flyball, 7LD), Distance : 315 ft
|
Batting: SHB Ken Hall
|
0-0: Ball 1-0: Ball 2-0: Called Strike 2-1: Foul Ball, location: 2F 2-2: SINGLE (Flyball, 8LS)
|
Batting: RHB Garth O'Flahavan
|
0-0: Foul Ball, location: 2F 0-1: Swinging Strike 0-2: Fly out, F7 (Flyball, 7S)
|
Batting: RHB Blair Charnock
|
0-0: Called Strike 0-1: Ball Ken Hall steals 2nd base 1-1: Ball 2-1: Called Strike 2-2: Fly out, F5 (Line Drive, 56)
|
Batting: SHB Michael Jones
|
0-0: SINGLE (Groundball, 4) (infield hit) Ken Hall to third
|
Batting: LHB Jack Heinsohn
|
0-0: Fly out, F8 (Line Drive, 8RD)
|
Bottom of the 1st over - 2 runs, 3 hits, 0 errors, 2 left on base; Alabama 0 - Clemson 2 |
TOP OF THE 2ND |
Alabama Crimson Tide batting - Pitching for Clemson Tigers : RHP Gary Wilder
|
Batting: LHB Tracy Becker
|
0-0: Ball 1-0: Ball 2-0: Swinging Strike 2-1: Ball 3-1: Base on Balls
|
Batting: RHB Rafael Vargo
|
0-0: Ball Tracy Becker steals 2nd base 1-0: Called Strike Tracy Becker steals 3rd base 1-1: Foul Ball, location: 2F 1-2: Strikes out swinging
|
Batting: RHB Mike Irvin
|
0-0: Ball 1-0: Ball 2-0: Called Strike 2-1: Ball 3-1: Ground out 6-3 (Groundball, 6MD) Tracy Becker scores
|
Batting: RHB Oscar Trent
|
0-0: Ball 1-0: Ball 2-0: Ball 3-0: Called Strike 3-1: SINGLE (Line Drive, 56D)
|
Batting: RHB Bill Miller
|
0-0: Swinging Strike 0-1: Called Strike 0-2: Ball 1-2: Foul Ball, location: 2F 1-2: Strikes out swinging
|
Top of the 2nd over - 1 run, 1 hit, 0 errors, 1 left on base; Alabama 1 - Clemson 2 |
BOTTOM OF THE 2ND |
Clemson Tigers batting - Pitching for Alabama Crimson Tide : RHP Dave Roberson
|
Batting: RHB Brian Childers
|
0-0: Called Strike 0-1: Called Strike 0-2: Ball 1-2: Strikes out swinging
|
Batting: SHB George Wells
|
0-0: Ball 1-0: Ground out 6-3 (Groundball, 6)
|
Batting: LHB Dan Dukes
|
0-0: Ball 1-0: Ball 2-0: Foul Ball, location: 2F 2-1: Ball 3-1: Fly out, F6 (Line Drive, 6M)
|
Bottom of the 2nd over - 0 runs, 0 hits, 0 errors, 0 left on base; Alabama 1 - Clemson 2 |
TOP OF THE 3RD |
Alabama Crimson Tide batting - Pitching for Clemson Tigers : RHP Gary Wilder
|
Batting: SHB Wayne Coleman
|
0-0: Called Strike 0-1: Ball 1-1: Ball 2-1: Ball 3-1: Swinging Strike 3-2: Fly out, F8 (Flyball, 89D)
|
Batting: LHB Tom York
|
0-0: Ground out 4-3 (Groundball, 4)
|
Batting: RHB Chris Bass
|
0-0: Called Strike 0-1: Called Strike 0-2: Ball 1-2: Foul Ball, location: 2F 1-2: Strikes out swinging
|
Top of the 3rd over - 0 runs, 0 hits, 0 errors, 0 left on base; Alabama 1 - Clemson 2 |
BOTTOM OF THE 3RD |
Clemson Tigers batting - Pitching for Alabama Crimson Tide : RHP Dave Roberson
|
Batting: RHB Ricardo Medellín
|
0-0: Ball 1-0: Swinging Strike 1-1: Ball 2-1: Fly out, F8 (Flyball, 8RXD)
|
Batting: SHB Ken Hall
|
0-0: Ball 1-0: Fly out, F7 (Flyball, 7S)
|
Batting: RHB Garth O'Flahavan
|
0-0: Called Strike 0-1: Ball 1-1: Ball 2-1: Foul Ball, location: 2F 2-2: Ground out U3 (Groundball, 3)
|
Bottom of the 3rd over - 0 runs, 0 hits, 0 errors, 0 left on base; Alabama 1 - Clemson 2 |
TOP OF THE 4TH |
Alabama Crimson Tide batting - Pitching for Clemson Tigers : RHP Gary Wilder
|
Batting: RHB Shannon Watson
|
0-0: Ball 1-0: Foul Ball, location: 2F 1-1: Ball 2-1: Fly out, F8 (Line Drive, 78D)
|
Batting: LHB Tracy Becker
|
0-0: Ball 1-0: Called Strike 1-1: Called Strike 1-2: Foul Ball, location: 2F 1-2: Foul Ball, location: 2F 1-2: Strikes out swinging
|
Batting: RHB Rafael Vargo
|
0-0: Called Strike 0-1: Swinging Strike 0-2: Ball 1-2: Foul Ball, location: 2F 1-2: Strikes out looking
|
Top of the 4th over - 0 runs, 0 hits, 0 errors, 0 left on base; Alabama 1 - Clemson 2 |
BOTTOM OF THE 4TH |
Clemson Tigers batting - Pitching for Alabama Crimson Tide : RHP Dave Roberson
|
Batting: RHB Blair Charnock
|
0-0: Ball 1-0: Ball 2-0: Ball 3-0: Base on Balls
|
Batting: SHB Michael Jones
|
0-0: Ball 1-0: Ball 2-0: Called Strike 2-1: Ball 3-1: Base on Balls Blair Charnock to second
|
Batting: LHB Jack Heinsohn
|
0-0: Fly out, F9 (Line Drive, 9)
|
Batting: RHB Brian Childers
|
0-0: Ball 1-0: Ball 2-0: Foul Ball, location: 2F 2-1: SINGLE (Line Drive, 89M) Blair Charnock to third Michael Jones to second
|
Batting: SHB George Wells
|
0-0: Foul Ball, location: 2F 0-1: Ball 1-1: Called Strike 1-2: Ball 2-2: Foul Ball, location: 2F 2-2: Foul Ball, location: 2F 2-2: DOUBLE (Line Drive, 89D) Blair Charnock scores Michael Jones scores Brian Childers to third Runner from 3rd tries for Home, SAFE, no throw
|
Pitching: RHP François LeDoux
|
|
Batting: LHB Dan Dukes
|
0-0: Foul Ball, location: 2F 0-1: Ball 1-1: Ball 2-1: Ball 3-1: Foul Ball, location: 2F 3-2: Base on Balls
|
Batting: RHB Ricardo Medellín
|
0-0: Called Strike 0-1: Ball 1-1: Ball 2-1: TRIPLE (Line Drive, 78XD) George Wells scores Dan Dukes scores
|
Batting: SHB Ken Hall
|
0-0: Ball 1-0: Foul Ball, location: 2F 1-1: Ball 2-1: Ball 3-1: Foul Ball, location: 2F 3-2: Base on Balls
|
Batting: RHB Garth O'Flahavan
|
0-0: Ball 1-0: Ball Wild Pitch! Ricardo Medellín scores Ken Hall to second 2-0: Ball 3-0: Called Strike 3-1: Foul Ball, location: 2F 3-2: Base on Balls
|
Batting: RHB Blair Charnock
|
0-0: Ball 1-0: Foul Ball, location: 2F 1-1: Foul Ball, location: 2F 1-2: SINGLE (Line Drive, 9LS) Ken Hall to third Garth O'Flahavan to second
|
Batting: SHB Michael Jones
|
0-0: Called Strike 0-1: Ball 1-1: Fielders Choice at 2nd, 5-4 (Groundball, 5) Ken Hall scores Garth O'Flahavan to third
|
Batting: LHB Jack Heinsohn
|
0-0: Ball 1-0: Called Strike 1-1: Fly out, F8 (Flyball, 8RM)
|
Bottom of the 4th over - 7 runs, 4 hits, 0 errors, 2 left on base; Alabama 1 - Clemson 9 |
TOP OF THE 5TH |
Alabama Crimson Tide batting - Pitching for Clemson Tigers : RHP Gary Wilder
|
Batting: RHB Mike Irvin
|
0-0: Called Strike 0-1: Fly out, F7 (Flyball, 7)
|
Batting: RHB Oscar Trent
|
0-0: Ball 1-0: Called Strike 1-1: Called Strike 1-2: SINGLE (Groundball, 56D)
|
Batting: RHB Bill Miller
|
0-0: Ball 1-0: Ball 2-0: Called Strike 2-1: Ball 3-1: Base on Balls Oscar Trent to second
|
Pitching: RHP Jerry Marshall
|
|
Batting: SHB Wayne Coleman
|
0-0: Ball 1-0: Grounds into double play, 3-6-3 (Groundball, 3)
|
Top of the 5th over - 0 runs, 1 hit, 0 errors, 1 left on base; Alabama 1 - Clemson 9 |
BOTTOM OF THE 5TH |
Clemson Tigers batting - Pitching for Alabama Crimson Tide : RHP François LeDoux
|
Batting: RHB Brian Childers
|
0-0: DOUBLE (Line Drive, 89D)
|
Batting: SHB George Wells
|
0-0: Foul Ball, location: 2F 0-1: Ball 1-1: Ball 2-1: Called Strike 2-2: Strikes out swinging
|
Batting: LHB Dan Dukes
|
0-0: Ball 1-0: Called Strike 1-1: Ground out 6-3 (Groundball, 6)
|
Batting: RHB Ricardo Medellín
|
0-0: Ball 1-0: Fly out, F4 (Line Drive, 4)
|
Bottom of the 5th over - 0 runs, 1 hit, 0 errors, 1 left on base; Alabama 1 - Clemson 9 |
TOP OF THE 6TH |
Alabama Crimson Tide batting - Pitching for Clemson Tigers : RHP Jerry Marshall
|
Batting: LHB Tom York
|
0-0: Called Strike 0-1: Ball 1-1: Called Strike 1-2: Foul Ball, location: 2F 1-2: Foul Ball, location: 2F 1-2: Foul Ball, location: 2F 1-2: Foul Ball, location: 2F 1-2: Ball 2-2: Ball 3-2: Foul Ball, location: 2F 3-2: Foul Ball, location: 2F 3-2: Foul Ball, location: 2F 3-2: Foul Ball, location: 2F 3-2: Strikes out looking
|
Batting: RHB Chris Bass
|
0-0: Foul Ball, location: 2F 0-1: Fly out, F7 (Flyball, 7D)
|
Batting: RHB Shannon Watson
|
0-0: Ball 1-0: Ball 2-0: Called Strike 2-1: SINGLE (Groundball, 6MD)
|
Batting: LHB Tracy Becker
|
0-0: Swinging Strike 0-1: Swinging Strike 0-2: Ball 1-2: Ball 2-2: Ball 3-2: Base on Balls Shannon Watson to second
|
Batting: RHB Rafael Vargo
|
0-0: Foul Ball, location: 2F 0-1: Foul Ball, location: 2F 0-2: Ball 1-2: Ball 2-2: DOUBLE (Line Drive, 78D) Shannon Watson scores Tracy Becker to third Runner from 3rd tries for Home, SAFE, no throw
|
Batting: RHB Mike Irvin
|
0-0: Ball 1-0: Foul Ball, location: 2F 1-1: Ball 2-1: Called Strike 2-2: Strikes out swinging
|
Top of the 6th over - 2 runs, 2 hits, 0 errors, 1 left on base; Alabama 3 - Clemson 9 |
BOTTOM OF THE 6TH |
Clemson Tigers batting - Pitching for Alabama Crimson Tide : RHP François LeDoux
|
Batting: SHB Ken Hall
|
0-0: Called Strike 0-1: Ball 1-1: SINGLE (Groundball, 4D)
|
Batting: RHB Garth O'Flahavan
|
0-0: Called Strike 0-1: Foul Ball, location: 2F 0-2: Ball 1-2: SINGLE (Line Drive, 7LS) Ken Hall to second
|
Pitching: RHP Gary Sonier
|
|
Batting: RHB Blair Charnock
|
0-0: Called Strike 0-1: Ball 1-1: Fly out, F9 (Line Drive, 89M)
|
Batting: SHB Michael Jones
|
0-0: Called Strike 0-1: Ball 1-1: Ball 2-1: SINGLE (Line Drive, 78S) Ken Hall to third Garth O'Flahavan to second Runner from 3rd tries for Home, SAFE, no throw
|
Batting: LHB Jack Heinsohn
|
0-0: Fly out, F8 (Flyball, 8LS)
|
Batting: RHB Brian Childers
|
0-0: Foul Ball, location: 2F 0-1: Foul Ball, location: 2F 0-2: Ball 1-2: Ball 2-2: Ball 3-2: Foul Ball, location: 2F 3-2: Fly out, F6 (Popup, 6)
|
Bottom of the 6th over - 1 run, 3 hits, 0 errors, 2 left on base; Alabama 3 - Clemson 10 |
TOP OF THE 7TH |
Alabama Crimson Tide batting - Pitching for Clemson Tigers : RHP Jerry Marshall
|
Batting: RHB Oscar Trent
|
0-0: Ball 1-0: Called Strike 1-1: Ground out 6-3 (Groundball, 6)
|
Batting: RHB Bill Miller
|
0-0: Called Strike 0-1: Ground out 6-3 (Groundball, 6MS)
|
Batting: SHB Wayne Coleman
|
0-0: Foul Ball, location: 2F 0-1: Ball 1-1: Swinging Strike 1-2: Ball 2-2: Strikes out swinging
|
Top of the 7th over - 0 runs, 0 hits, 0 errors, 0 left on base; Alabama 3 - Clemson 10 |
BOTTOM OF THE 7TH |
Clemson Tigers batting - Pitching for Alabama Crimson Tide : RHP Gary Sonier
|
Batting: SHB George Wells
|
0-0: Called Strike 0-1: Ball 1-1: SINGLE (Line Drive, 7LS)
|
Batting: LHB Dan Dukes
|
0-0: Ball 1-0: Called Strike 1-1: Ball 2-1: Swinging Strike 2-2: Strikes out looking
|
Batting: RHB Ricardo Medellín
|
0-0: Called Strike 0-1: Called Strike 0-2: Foul Ball, location: 2F 0-2: Ball 1-2: Ball 2-2: Strikes out swinging
|
Batting: SHB Ken Hall
|
0-0: Swinging Strike 0-1: Foul Ball, location: 2F 0-2: Ball 1-2: Ball 2-2: Fly out, F8 (Flyball, 8RXD)
|
Bottom of the 7th over - 0 runs, 1 hit, 0 errors, 1 left on base; Alabama 3 - Clemson 10 |
TOP OF THE 8TH |
Alabama Crimson Tide batting - Pitching for Clemson Tigers : RHP Jerry Marshall
|
Batting: LHB Tom York
|
0-0: Foul Ball, location: 2F 0-1: Ground out 4-3 (Groundball, 4S)
|
Batting: RHB Chris Bass
|
0-0: Foul Ball, location: 2F 0-1: Fly out, F8 (Flyball, 8LM)
|
Batting: RHB Shannon Watson
|
0-0: Ball 1-0: Ground out 5-3 (Groundball, 56)
|
Top of the 8th over - 0 runs, 0 hits, 0 errors, 0 left on base; Alabama 3 - Clemson 10 |
BOTTOM OF THE 8TH |
Clemson Tigers batting - Pitching for Alabama Crimson Tide : RHP Gary Sonier
|
Pinch Hitting: SHB Brent Boswell
|
0-0: Ball 1-0: SINGLE (Groundball, 6MD)
|
Batting: RHB Blair Charnock
|
0-0: Foul Ball, location: 2F 0-1: Ball 1-1: Ball Wild Pitch! Brent Boswell to second 2-1: Called Strike 2-2: Ball 3-2: Foul Ball, location: 2F 3-2: Foul Ball, location: 2F 3-2: Ground out 4-3 (Groundball, 34D) Brent Boswell to third
|
Batting: SHB Michael Jones
|
0-0: Called Strike 0-1: Ball 1-1: Ball 2-1: Foul Ball, location: 2F 2-2: Ball 3-2: Ground out 1-3 (Groundball, 13)
|
Batting: LHB Jack Heinsohn
|
0-0: Foul Ball, location: 2F 0-1: Called Strike 0-2: Foul Ball, location: 2F 0-2: Strikes out swinging
|
Bottom of the 8th over - 0 runs, 1 hit, 0 errors, 1 left on base; Alabama 3 - Clemson 10 |
TOP OF THE 9TH |
Alabama Crimson Tide batting - Pitching for Clemson Tigers : RHP Jerry Marshall
|
Now in LF: Zach O'Kelly
|
|
Batting: LHB Tracy Becker
|
0-0: Called Strike 0-1: Foul Ball, location: 2F 0-2: Strikes out looking
|
Batting: RHB Rafael Vargo
|
0-0: Called Strike 0-1: Ball 1-1: Fly out, F8 (Flyball, 8LS)
|
Batting: RHB Mike Irvin
|
0-0: Ball 1-0: Foul Ball, location: 2F 1-1: Foul Ball, location: 2F 1-2: Ball 2-2: SINGLE (Line Drive, 7S)
|
Batting: RHB Oscar Trent
|
0-0: Ball 1-0: Ball 2-0: Called Strike 2-1: Ball 3-1: Foul Ball, location: 2F 3-2: Foul Ball, location: 2F 3-2: Strikes out swinging
|
Top of the 9th over - 0 runs, 1 hit, 0 errors, 1 left on base; Alabama 3 - Clemson 10 |
|